| TOP OF THE 1ST |
|
Grand Junction Rockies batting - Pitching for Chicago (APP) Cubs : RHP Jake Newman
|
|
Pitching: RHP Jake Newman
|
|
|
Batting: LHB Steve Gilliam
|
0-0: Ball 1-0: Ball 2-0: Ball 3-0: Base on Balls
|
|
Batting: LHB Bill McGregor
|
0-0: Fly out, F5 (Flyball, 5D, EV 81.3 MPH)
|
|
Batting: RHB John Boyer
|
0-0: Ball 1-0: Called Strike 1-1: Ball 2-1: Called Strike Steve Gilliam steals 2nd base 2-2: Foul Ball, location: 2F 2-2: Ball 3-2: Foul Ball, location: 2F 3-2: SINGLE (Groundball, 56D, EV 102.5 MPH) Steve Gilliam to third Runner from 3rd tries for Home, throw by LF and OUT! 7-2
|
|
Batting: LHB Chris Salim
|
0-0: Ball 1-0: Foul Ball, location: 2F 1-1: Foul Ball, location: 2F 1-2: Foul Ball, location: 2F 1-2: Fielders Choice at 2nd, 5-4 (Groundball, 56, EV 84.4 MPH)
|
| Top of the 1st over - 0 runs, 1 hit, 0 errors, 1 left on base; Grand Junction 0 - Chicago (APP) 0 |
| BOTTOM OF THE 1ST |
|
Chicago (APP) Cubs batting - Pitching for Grand Junction Rockies : LHP Kyle Mearkle
|
|
Pitching: LHP Kyle Mearkle
|
|
|
Batting: RHB Andy Huntley
|
0-0: Ball 1-0: Foul Ball, location: 2F 1-1: Ball 2-1: Ball 3-1: Called Strike 3-2: SINGLE (Groundball, 56D, EV 95.6 MPH)
|
|
Batting: RHB Sam Sours
|
0-0: Swinging Strike 0-1: Called Strike 0-2: Ball Andy Huntley is caught stealing 2nd base 2-4 1-2: Strikes out swinging
|
|
Batting: RHB Tak-keung Chieu
|
0-0: Ball 1-0: Called Strike 1-1: Foul Ball, location: 2F 1-2: Foul Ball, location: 2F 1-2: Fly out, F8 (Flyball, 8LS, EV 92.5 MPH)
|
| Bottom of the 1st over - 0 runs, 1 hit, 0 errors, 0 left on base; Grand Junction 0 - Chicago (APP) 0 |
| TOP OF THE 2ND |
|
Grand Junction Rockies batting - Pitching for Chicago (APP) Cubs : RHP Jake Newman
|
|
Batting: LHB Zack Guillen
|
0-0: Ball 1-0: Foul Ball, location: 2F 1-1: Swinging Strike 1-2: Ball 2-2: Ball 3-2: SOLO HOME RUN (Flyball, 7D, EV 108.1 MPH), Distance : 400 ft
|
|
Batting: RHB Willis Morales
|
0-0: Called Strike 0-1: Ball 1-1: Foul Ball, location: 2F 1-2: Ball 2-2: Ball 3-2: Fly out, F8 (Line Drive, 8LM, EV 91.3 MPH)
|
|
Batting: LHB Harry Folsom
|
0-0: Ball 1-0: Ball 2-0: Ball 3-0: Called Strike 3-1: Base on Balls
|
|
Batting: RHB Juan Figueroa
|
0-0: Called Strike 0-1: Ball Harry Folsom is caught stealing 2nd base 2-4 1-1: Ball 2-1: Ball 3-1: Base on Balls
|
|
Batting: RHB Bryce Hickman
|
0-0: Ball 1-0: SINGLE (Groundball, 34D, EV 105.0 MPH) Juan Figueroa to second Runner from 2nd tries for 3rd, SAFE, no throw by RF
|
|
Batting: LHB Steve Gilliam
|
0-0: Foul Ball, location: 2F 0-1: Called Strike 0-2: Strikes out looking
|
| Top of the 2nd over - 1 run, 2 hits, 0 errors, 2 left on base; Grand Junction 1 - Chicago (APP) 0 |
| BOTTOM OF THE 2ND |
|
Chicago (APP) Cubs batting - Pitching for Grand Junction Rockies : LHP Kyle Mearkle
|
|
Batting: RHB Taylor Garofalo
|
0-0: Called Strike 0-1: Swinging Strike 0-2: Ball 1-2: Ball 2-2: Ground out 5-3 (Groundball, 5S, EV 93.8 MPH)
|
|
Batting: RHB Randy Schmitt
|
0-0: Called Strike 0-1: Ball 1-1: Foul Ball, location: 2F 1-2: SINGLE (Groundball, 34D, EV 106.3 MPH)
|
|
Batting: RHB Leonardo Nava
|
0-0: Called Strike 0-1: Ball 1-1: Ball 2-1: 2-RUN HOME RUN (Flyball, 9LD, EV 99.4 MPH), Distance : 355 ft
|
|
Batting: SHB Gabriel Cruz
|
0-0: Foul Ball, location: 2F 0-1: Ball 1-1: Ground out 5-3 (Groundball, 56S, EV 87.5 MPH)
|
|
Batting: RHB Han-seung Hah
|
0-0: Ball 1-0: Ball 2-0: Ball 3-0: Base on Balls
|
|
Batting: LHB Mark Ingram
|
0-0: Swinging Strike 0-1: Ball 1-1: Ball 2-1: Fly out, F9 (Flyball, 9LM, EV 94.4 MPH)
|
| Bottom of the 2nd over - 2 runs, 2 hits, 0 errors, 1 left on base; Grand Junction 1 - Chicago (APP) 2 |
| TOP OF THE 3RD |
|
Grand Junction Rockies batting - Pitching for Chicago (APP) Cubs : RHP Jake Newman
|
|
Batting: LHB Bill McGregor
|
0-0: Foul Ball, location: 2F 0-1: Called Strike 0-2: Foul Ball, location: 2F 0-2: SINGLE (Line Drive, 7S, EV 99.4 MPH)
|
|
Batting: RHB John Boyer
|
0-0: Ball 1-0: Swinging Strike 1-1: Ball 2-1: Ball 3-1: Called Strike 3-2: Fly out, F9 (Flyball, 9S, EV 79.4 MPH)
|
|
Batting: LHB Chris Salim
|
0-0: Foul Ball, location: 2F 0-1: Called Strike 0-2: Ball 1-2: Ball 2-2: SINGLE (Flyball, 34D, EV 87.5 MPH) Bill McGregor to second
|
|
Batting: LHB Zack Guillen
|
0-0: Called Strike Bill McGregor steals 3rd base 0-1: Called Strike 0-2: Strikes out swinging
|
|
Batting: RHB Willis Morales
|
0-0: Ball 1-0: Fly out, F8 (Flyball, 8LD, EV 93.8 MPH)
|
| Top of the 3rd over - 0 runs, 2 hits, 0 errors, 2 left on base; Grand Junction 1 - Chicago (APP) 2 |
| BOTTOM OF THE 3RD |
|
Chicago (APP) Cubs batting - Pitching for Grand Junction Rockies : LHP Kyle Mearkle
|
|
Batting: RHB Andy Huntley
|
0-0: Swinging Strike 0-1: Fly out, F8 (Flyball, 8LD, EV 95.6 MPH)
|
|
Batting: RHB Sam Sours
|
0-0: Ball 1-0: Ball 2-0: Called Strike 2-1: Swinging Strike 2-2: Strikes out swinging
|
|
Batting: RHB Tak-keung Chieu
|
0-0: Called Strike 0-1: Foul Ball, location: 2F 0-2: Strikes out looking
|
| Bottom of the 3rd over - 0 runs, 0 hits, 0 errors, 0 left on base; Grand Junction 1 - Chicago (APP) 2 |
| TOP OF THE 4TH |
|
Grand Junction Rockies batting - Pitching for Chicago (APP) Cubs : RHP Jake Newman
|
|
Batting: LHB Harry Folsom
|
0-0: Fly out, F9 (Flyball, 9LS, EV 89.4 MPH)
|
|
Batting: RHB Juan Figueroa
|
0-0: SINGLE (Line Drive, 9S, EV 102.5 MPH)
|
|
Batting: RHB Bryce Hickman
|
0-0: Called Strike 0-1: Ball 1-1: Grounds into double play, 5-4-3 (Groundball, 5, EV 94.4 MPH)
|
| Top of the 4th over - 0 runs, 1 hit, 0 errors, 0 left on base; Grand Junction 1 - Chicago (APP) 2 |
| BOTTOM OF THE 4TH |
|
Chicago (APP) Cubs batting - Pitching for Grand Junction Rockies : LHP Kyle Mearkle
|
|
Batting: RHB Taylor Garofalo
|
0-0: Ball 1-0: Ball 2-0: Fly out, F9 (Flyball, 9LM, EV 98.8 MPH)
|
|
Batting: RHB Randy Schmitt
|
0-0: Foul Ball, location: 2F 0-1: Ball 1-1: Ground out 5-3 (Groundball, 56, EV 86.9 MPH)
|
|
Batting: RHB Leonardo Nava
|
0-0: Hit by Pitch
|
|
Batting: SHB Gabriel Cruz
|
0-0: Ball Leonardo Nava is caught stealing 2nd base 2-4
|
| Bottom of the 4th over - 0 runs, 0 hits, 0 errors, 0 left on base; Grand Junction 1 - Chicago (APP) 2 |
| TOP OF THE 5TH |
|
Grand Junction Rockies batting - Pitching for Chicago (APP) Cubs : RHP Jake Newman
|
|
Batting: LHB Steve Gilliam
|
0-0: Ball 1-0: Ball 2-0: Ball 3-0: Called Strike 3-1: Foul Ball, location: 2F 3-2: Strikes out looking
|
|
Batting: LHB Bill McGregor
|
0-0: Foul Ball, location: 2F 0-1: Called Strike 0-2: Ground out 6-3 (Groundball, 6, EV 101.9 MPH)
|
|
Batting: RHB John Boyer
|
0-0: Called Strike 0-1: Fly out, F6 (Line Drive, 6, EV 73.8 MPH)
|
| Top of the 5th over - 0 runs, 0 hits, 0 errors, 0 left on base; Grand Junction 1 - Chicago (APP) 2 |
| BOTTOM OF THE 5TH |
|
Chicago (APP) Cubs batting - Pitching for Grand Junction Rockies : LHP Kyle Mearkle
|
|
Batting: SHB Gabriel Cruz
|
0-0: Called Strike 0-1: Foul Ball, location: 2F 0-2: Strikes out looking
|
|
Batting: RHB Han-seung Hah
|
0-0: SINGLE (Line Drive, 8LS, EV 95.6 MPH)
|
|
Batting: LHB Mark Ingram
|
0-0: Called Strike 0-1: DOUBLE (Line Drive, 8LXD, EV 96.3 MPH) Han-seung Hah to third
|
|
Batting: RHB Andy Huntley
|
0-0: Ball 1-0: Called Strike 1-1: Called Strike 1-2: Foul Ball, location: 2F 1-2: Ball 2-2: Ball 3-2: Base on Balls
|
|
Batting: RHB Sam Sours
|
0-0: Ball 1-0: SINGLE (Groundball, 25, EV 66.9 MPH) (infield hit) Han-seung Hah scores Mark Ingram to third Andy Huntley to second
|
|
Batting: RHB Tak-keung Chieu
|
0-0: Ball 1-0: Ball 2-0: Foul Ball, location: 2F 2-1: Ball Passed Ball! Mark Ingram scores Andy Huntley to third Sam Sours to second 3-1: Base on Balls
|
|
Pitching: RHP Jim Micaletti
|
|
|
Batting: RHB Taylor Garofalo
|
0-0: Ball 1-0: Swinging Strike 1-1: Grounds into fielders choice 3-2 (Groundball, 34S, EV 88.8 MPH) Sam Sours to third Tak-keung Chieu to second
|
|
Batting: RHB Randy Schmitt
|
0-0: DOUBLE (Line Drive, 7LM, EV 101.3 MPH) Sam Sours scores Tak-keung Chieu scores Taylor Garofalo to third Runner from 3rd tries for Home, SAFE, no throw by LF
|
|
Batting: RHB Leonardo Nava
|
0-0: Ball Wild Pitch! Randy Schmitt to third 1-0: Ball 2-0: Ball 3-0: Called Strike 3-1: Ground out 5-3 (Groundball, 56, EV 85.6 MPH)
|
| Bottom of the 5th over - 5 runs, 4 hits, 0 errors, 1 left on base; Grand Junction 1 - Chicago (APP) 7 |
| TOP OF THE 6TH |
|
Grand Junction Rockies batting - Pitching for Chicago (APP) Cubs : RHP Jake Newman
|
|
Batting: LHB Chris Salim
|
0-0: Called Strike 0-1: Ball 1-1: Ground out 6-3 (Groundball, 56, EV 100.0 MPH)
|
|
Batting: LHB Zack Guillen
|
0-0: Called Strike 0-1: Ball 1-1: Foul Ball, location: 2F 1-2: Foul Ball, location: 2F 1-2: Foul Ball, location: 2F 1-2: Strikes out swinging
|
|
Batting: RHB Willis Morales
|
0-0: Called Strike 0-1: Ball 1-1: Called Strike 1-2: Strikes out swinging, 2-3 out at first.
|
| Top of the 6th over - 0 runs, 0 hits, 0 errors, 0 left on base; Grand Junction 1 - Chicago (APP) 7 |
| BOTTOM OF THE 6TH |
|
Chicago (APP) Cubs batting - Pitching for Grand Junction Rockies : RHP Jim Micaletti
|
|
Batting: SHB Gabriel Cruz
|
0-0: Foul Ball, location: 2F 0-1: Ball 1-1: Ball 2-1: Swinging Strike 2-2: TRIPLE (Flyball, 78XD, EV 113.1 MPH)
|
|
Batting: RHB Han-seung Hah
|
0-0: Swinging Strike 0-1: Ball 1-1: Swinging Strike 1-2: Strikes out looking
|
|
Batting: LHB Mark Ingram
|
0-0: Ball 1-0: Ground out 4-3 (Groundball, 4, EV 103.1 MPH) Gabriel Cruz scores
|
|
Batting: RHB Andy Huntley
|
0-0: Ball 1-0: Called Strike 1-1: Ball 2-1: Ball 3-1: Base on Balls
|
|
Batting: RHB Sam Sours
|
0-0: Ball 1-0: Ball 2-0: Ball 3-0: Called Strike 3-1: Base on Balls Andy Huntley to second
|
|
Batting: RHB Tak-keung Chieu
|
0-0: Ball 1-0: Ball 2-0: Ball 3-0: Base on Balls Andy Huntley to third Sam Sours to second
|
|
Batting: RHB Taylor Garofalo
|
0-0: Ball 1-0: Ground out 4-3 (Groundball, 4S, EV 63.8 MPH)
|
| Bottom of the 6th over - 1 run, 1 hit, 0 errors, 3 left on base; Grand Junction 1 - Chicago (APP) 8 |
| TOP OF THE 7TH |
|
Grand Junction Rockies batting - Pitching for Chicago (APP) Cubs : RHP Jake Newman
|
|
Batting: LHB Harry Folsom
|
0-0: Called Strike 0-1: Ball 1-1: Ball 2-1: Ball 3-1: Base on Balls
|
|
Pinch Hitting: RHB Chris Osting
|
0-0: Ball 1-0: Swinging Strike 1-1: Ball 2-1: Fly out, F8 (Line Drive, 8LD, EV 98.1 MPH)
|
|
Pitching: RHP Rob Craft
|
|
|
Batting: RHB Bryce Hickman
|
0-0: Ball 1-0: Called Strike 1-1: SINGLE (Line Drive, 78S, EV 95.0 MPH) Harry Folsom to second Harry Folsom to third
|
|
Batting: LHB Steve Gilliam
|
0-0: Foul Ball, location: 2F 0-1: Ball 1-1: Ball 2-1: Called Strike 2-2: Strikes out swinging
|
|
Pinch Hitting: RHB Zakhar Edelman
|
0-0: Called Strike 0-1: Fly out, F9 (Flyball, 9, EV 88.8 MPH)
|
| Top of the 7th over - 0 runs, 1 hit, 0 errors, 2 left on base; Grand Junction 1 - Chicago (APP) 8 |
| BOTTOM OF THE 7TH |
|
Chicago (APP) Cubs batting - Pitching for Grand Junction Rockies : RHP Jim Micaletti
|
|
Now in CF: Zakhar Edelman
|
|
|
Now in RF: Chris Osting
|
|
|
Pinch Hitting: RHB Ryan Bush
|
0-0: Swinging Strike 0-1: Ball 1-1: Ball 2-1: Ball 3-1: Foul Ball, location: 2F 3-2: Base on Balls
|
|
Batting: RHB Leonardo Nava
|
0-0: Ball 1-0: Ball 2-0: Called Strike 2-1: Ball 3-1: SINGLE (Groundball, 34D, EV 95.0 MPH) Ryan Bush to second
|
|
Batting: SHB Gabriel Cruz
|
0-0: Foul Ball, location: 2F 0-1: SINGLE (Groundball, 4MD, EV 101.3 MPH) Ryan Bush to third Leonardo Nava to second
|
|
Batting: RHB Han-seung Hah
|
0-0: Foul Ball, location: 2F 0-1: Swinging Strike 0-2: Ball 1-2: Ball 2-2: Ball 3-2: Foul Ball, location: 2F 3-2: Base on Balls Ryan Bush scores Leonardo Nava to third Gabriel Cruz to second
|
|
Batting: LHB Mark Ingram
|
0-0: Called Strike 0-1: SINGLE (Groundball, 4MD, EV 105.0 MPH) Leonardo Nava scores Gabriel Cruz to third Han-seung Hah to second Runner from 3rd tries for Home, SAFE, throw by CF to home
|
|
Pitching: LHP Jason Ryan
|
|
|
Batting: RHB Andy Huntley
|
0-0: Ball 1-0: Foul Ball, location: 2F 1-1: TRIPLE (Line Drive, 8LXD, EV 101.9 MPH) Han-seung Hah scores Mark Ingram scores
|
|
Batting: RHB Sam Sours
|
0-0: Ball 1-0: Called Strike 1-1: Ball 2-1: Ball 3-1: Base on Balls
|
|
Batting: RHB Jose Sanchez
|
0-0: Ball 1-0: Ball 2-0: DOUBLE (Flyball, 8RXD, EV 103.1 MPH) Andy Huntley scores Sam Sours to third
|
|
Batting: RHB Taylor Garofalo
|
0-0: Ball 1-0: Ball 2-0: Called Strike 2-1: Ball 3-1: Called Strike 3-2: Fly out, F9 (Flyball, 9D, EV 98.1 MPH) Runner from 3rd tags up, SCORES, no throw by RF
|
|
Batting: RHB Ryan Bush
|
0-0: Called Strike 0-1: Foul Ball, location: 2F 0-2: Foul Ball, location: 2F 0-2: Foul Ball, location: 2F 0-2: Ball 1-2: Ball 2-2: Foul Ball, location: 2F 2-2: Ball 3-2: Foul Ball, location: 2F 3-2: Base on Balls
|
|
Batting: RHB Leonardo Nava
|
0-0: Called Strike 0-1: Foul Ball, location: 2F 0-2: Foul Ball, location: 2F 0-2: Hit by Pitch Jose Sanchez to third Ryan Bush to second
|
|
Batting: SHB Gabriel Cruz
|
0-0: Ball 1-0: SINGLE (Flyball, 6MD, EV 84.4 MPH) Jose Sanchez scores Ryan Bush to third Leonardo Nava to second
|
|
Batting: RHB Han-seung Hah
|
0-0: Foul Ball, location: 2F 0-1: Ball 1-1: Ball 2-1: Foul Ball, location: 2F 2-2: Strikes out swinging
|
|
Batting: LHB Mark Ingram
|
0-0: Called Strike 0-1: Ball 1-1: Ball 2-1: Ball 3-1: Called Strike 3-2: Foul Ball, location: 2F 3-2: Base on Balls Ryan Bush scores Leonardo Nava to third Gabriel Cruz to second
|
|
Pitching: RHP Andy Rayer
|
|
|
Batting: RHB Andy Huntley
|
0-0: Ball 1-0: Ball 2-0: Ball 3-0: Called Strike 3-1: Called Strike 3-2: Foul Ball, location: 2F Balk! Leonardo Nava scores Gabriel Cruz to third Mark Ingram to second 3-2: Base on Balls
|
|
Batting: RHB Sam Sours
|
0-0: Called Strike 0-1: Swinging Strike 0-2: Ball 1-2: DOUBLE (Line Drive, 78D, EV 109.4 MPH) Gabriel Cruz scores Mark Ingram scores Andy Huntley to third Runner from 3rd tries for Home, SAFE, throw by LF to trailing runner, SAFE at third!
|
|
Batting: RHB Jose Sanchez
|
0-0: Ball 1-0: Ball 2-0: Ball 3-0: Called Strike 3-1: Fly out, F7 (Flyball, 7LS, EV 91.3 MPH)
|
| Bottom of the 7th over - 13 runs, 7 hits, 0 errors, 1 left on base; Grand Junction 1 - Chicago (APP) 21 |
| TOP OF THE 8TH |
|
Grand Junction Rockies batting - Pitching for Chicago (APP) Cubs : RHP Rob Craft
|
|
Now at 2B: Ryan Bush
|
|
|
Batting: RHB John Boyer
|
0-0: Called Strike 0-1: Ball 1-1: Ball 2-1: SINGLE (Popup, 6D, EV 47.5 MPH)
|
|
Batting: LHB Chris Salim
|
0-0: Swinging Strike 0-1: Fly out, F8 (Flyball, 78M, EV 89.4 MPH)
|
|
Batting: LHB Zack Guillen
|
0-0: Ball 1-0: Fielders Choice at 2nd, 2-4 (Groundball, 2L, EV 70.6 MPH)
|
|
Batting: RHB Willis Morales
|
0-0: Ball Pickoff Throw to First - Error! E1 Zack Guillen to second 1-0: Called Strike 1-1: Ball 2-1: Foul Ball, location: 2F 2-2: Foul Ball, location: 2F 2-2: Ground out 3-1 (Groundball, 34S, EV 89.4 MPH)
|
| Top of the 8th over - 0 runs, 1 hit, 1 error, 1 left on base; Grand Junction 1 - Chicago (APP) 21 |
| BOTTOM OF THE 8TH |
|
Chicago (APP) Cubs batting - Pitching for Grand Junction Rockies : RHP Andy Rayer
|
|
Batting: RHB Taylor Garofalo
|
0-0: Fly out, F8 (Line Drive, 8LM, EV 85.0 MPH)
|
|
Batting: RHB Ryan Bush
|
0-0: Fly out, F7 (Flyball, 7, EV 85.0 MPH)
|
|
Batting: RHB Leonardo Nava
|
0-0: Called Strike 0-1: Ball 1-1: Ball 2-1: Ball 3-1: Called Strike 3-2: Base on Balls
|
|
Batting: SHB Gabriel Cruz
|
0-0: Ball 1-0: Called Strike 1-1: Hit by Pitch Leonardo Nava to second
|
|
Batting: RHB Han-seung Hah
|
0-0: SINGLE (Groundball, 56S, EV 71.3 MPH) (infield hit) Leonardo Nava to third Gabriel Cruz to second
|
|
Batting: LHB Mark Ingram
|
0-0: Called Strike 0-1: Foul Ball, location: 2F 0-2: Ball 1-2: Foul Ball, location: 2F 1-2: Foul Ball, location: 2F 1-2: Foul Ball, location: 2F 1-2: Ground out U3 (Groundball, 3, EV 99.4 MPH)
|
| Bottom of the 8th over - 0 runs, 1 hit, 0 errors, 3 left on base; Grand Junction 1 - Chicago (APP) 21 |
| TOP OF THE 9TH |
|
Grand Junction Rockies batting - Pitching for Chicago (APP) Cubs : RHP Rob Craft
|
|
Batting: LHB Harry Folsom
|
0-0: Ball 1-0: SINGLE (Line Drive, 3D, EV 104.4 MPH)
|
|
Batting: RHB Chris Osting
|
0-0: Called Strike 0-1: Fly out, F4 (Flyball, 4D, EV 71.3 MPH)
|
|
Pitching: RHP Ryan Masterson
|
|
|
Pinch Hitting: LHB Luke Coulter
|
0-0: Ball 1-0: Called Strike 1-1: Ball Passed Ball! Harry Folsom to second 2-1: Foul Ball, location: 2F 2-2: Ball 3-2: DOUBLE (Groundball, 5L, EV 97.5 MPH) Harry Folsom scores
|
|
Batting: LHB Steve Gilliam
|
0-0: Ball 1-0: Ball 2-0: Ground out 5-3 (Groundball, 5, EV 83.1 MPH)
|
|
Batting: RHB Zakhar Edelman
|
0-0: Ball 1-0: Ball 2-0: Reached via error on a dropped throw from 1B, E1 (Groundball, 13, EV 81.3 MPH) Luke Coulter to third
|
|
Batting: RHB John Boyer
|
|
|
Pinch Hitting: RHB Brent Montagano
|
0-0: Ball 1-0: SINGLE (Groundball, 4MD, EV 110.0 MPH) Luke Coulter scores Zakhar Edelman to second
|
|
Batting: LHB Chris Salim
|
0-0: Foul Ball, location: 2F 0-1: Ball 1-1: Ball 2-1: Fly out, F8 (Line Drive, 8LM, EV 105.6 MPH)
|
| Top of the 9th over - 2 runs, 3 hits, 1 error, 2 left on base; Grand Junction 3 - Chicago (APP) 21 |
|